 Dungeon Crawl Stone Soup version 0.25-a0-504-g768f60da87 (webtiles) character file.

Game seed: 6789277608961668349, levelgen mode: deterministic

2102 Kohma the Frost Mage (level 9, -2/71 HPs)
             Began as a Black Draconian Ice Elementalist on Feb 14, 2020.
             Was a Priest of Fedhas.
             Slain by a hornet (5 damage)
             ... on level 7 of the Dungeon.
             The game lasted 00:15:02 (5756 turns).

Kohma the Frost Mage (DrIE)                         Turns: 5756, Time: 00:15:03

Health: -2/71      AC:  9    Str: 10    XL:     9   Next: 7%
Magic:  13/16      EV: 12    Int: 18    God:    Fedhas [***...]
Gold:   412        SH:  0    Dex: 13    Spells: 6/18 levels left

rFire    + . .     SeeInvis .   D - +3 rapier (elec)
rCold    + . .     Gourm    .   (no shield)
rNeg     . . .     Faith    .   (armour unavailable)
rPois    .         Spirit   .   (helmet restricted)
rElec    +         Reflect  .   w - +1 cloak
rCorr    .         Harm     .   (no gloves)
MR       .....                  (no boots)
Stlth    ++........             (no amulet)
HPRegen  0.21/turn              c - ring of protection from fire
MPRegen  0.15/turn              i - ring of protection from cold

@: lethally poisoned (-2 -> -40), slowed, very slow
A: breathe lightning, unfitting armour, electricity resistance, cold-blooded, AC
+7
a: Breathe Lightning, Wall of Briars, Grow Ballistomycete, Renounce Religion


You were on level 7 of the Dungeon.
You worshipped Fedhas.
Fedhas was most pleased with you.
You were hungry.

You visited 2 branches of the dungeon, and saw 8 of its levels.
You also visited: Sewer.

You collected 412 gold pieces.

Inventory:

Hand Weapons
 a - a +3 dagger of venom
 D - a +3 rapier of electrocution (weapon)
Missiles
 k - 35 poisoned darts (quivered)
Armour
 w - a +1 cloak (worn)
 y - a +0 buckler
Jewellery
 c - a ring of protection from fire (left hand)
 i - a ring of protection from cold (right hand)
 p - an uncursed ring of resist corrosion
 u - a +3 ring of evasion {unknown}
Wands
 x - a wand of flame (32)
Scrolls
 l - a scroll of blinking
 o - 6 scrolls of teleportation
 r - a scroll of enchant weapon
 v - 3 scrolls of fear
 A - a scroll of remove curse
 C - a scroll of identify
Potions
 d - 3 potions of mutation {unknown}
 e - 2 potions of haste
 h - 3 potions of curing
 j - a potion of agility {unknown}
 m - 4 potions of heal wounds
 n - a potion of degeneration {unknown}
 q - 2 potions of magic
 s - 2 potions of lignification {unknown}
 t - 2 potions of berserk rage {unknown}
Comestibles
 b - 14 rations
 B - 9 chunks of flesh


   Skills:
 - Level 4.0 Fighting
 - Level 1.7 Dodging
 - Level 1.7 Stealth
 * Level 3.1 Shields
 - Level 5.0 Spellcasting
 + Level 3.4 Summonings
 - Level 8.0 Ice Magic
 + Level 3.2 Air Magic
 + Level 4.5 Invocations


You had 6 spell levels left.
You knew the following spells:

 Your Spells              Type           Power        Failure   Level  Hunger
a - Freeze                Ice            ####         1%          1    None
b - Frozen Ramparts       Ice            ####..       1%          3    ##.....
c - Summon Ice Beast      Ice/Summ       ####....     12%         4    ####...
d - Summon Lightning Spi  Summ/Air       ###.....     34%         4    ####...

Your spell library contained the following spells:

 Spells                   Type           Power        Failure   Level  Hunger
 Summon Small Mammal      Summ           ###.         3%          1    None
 Ensorcelled Hibernation  Hex/Ice        ###...       3%          2    #......
 Call Imp                 Summ           ###.....     4%          2    #......
 Ozocubu's Armour         Chrm/Ice       ###.....     8%          3    ##.....
 Call Canine Familiar     Summ           ###.....     10%         3    ##.....
 Corona                   Hex            #......      13%         1    None
 Summon Guardian Golem    Hex/Summ       ##......     21%         3    ##.....
 Hailstorm                Conj/Ice       ###.....     26%         4    ####...
 Confusing Touch          Hex            #.......     36%         3    ##.....
 Dazzling Flash           Conj/Hex       #.....       36%         3    ##.....
 Tukima's Dance           Hex            #.......     36%         3    ##.....


Dungeon Overview and Level Annotations

Branches:
Dungeon (7/15)             Temple (1/1) D:4           Sewer (visited)

Altars:
Ashenzari
Dithmenos
Elyvilon
Fedhas
Gozag
Hepliaklqana
Kikubaaqudgha
Makhleb
Okawaru
Qazlal
Ru
Sif Muna
Trog
Uskayaw
Wu Jian
Xom
Yredelemnul
Zin
The Shining One


Innate Abilities, Weirdness & Mutations

You can breathe wild blasts of lightning.
Your glossy black scales are hard. (AC +7)
You cannot fit into any form of body armour.
You are resistant to electric shocks. (rElec)
You are cold-blooded and may be slowed by cold attacks.


Message History

The hornet is heavily wounded.
The frozen ramparts melt away.
* * * LOW HITPOINT WARNING * * *
You feel very sick. The hornet barely misses you. The hornet misses you.
The hornet stings you.
* * * LOW HITPOINT WARNING * * *
You are more poisoned.
You feel as though you will be slow longer.
You hit the hornet.
The hornet is heavily wounded.
* * * LOW HITPOINT WARNING * * *
You feel very sick.
The hornet is no longer encased in ice.
The hornet stings you but does no damage.
The hornet stings you.
* * * LOW HITPOINT WARNING * * *
You feel as though you will be slow longer.
The hornet stings you.
You die...
Fedhas appreciates your contribution to the ecosystem.

*,,,,,.,,,,,,,*,,,#......##,
******#.,**,,,*,,,#).....##.
**,,,*#..**,,**,,*#.........
*,,,,,...###+##,,##.........
*,,,,,,,......#,,#.......##.
*,,,,,,,,.....+,,#.......##*
*,,,,*****#..##+###.......#,
*,,,,**,,*#y.##[.##.......#,
#....,,,,,#@...........(.##,
#.....,,,,#....).........##,
#....###+##..##..##.......#,
#....##..###+##..##.......#,
#........#,,..............#,
*#.......#,,..............#,
##.......#................#,
#........#................#,
#.....รทรท.##......##.......#,


You could see a hornet.

Vanquished Creatures
  Prince Ribbit (D:6)
  Sigmund (D:5)
  Eustachio (D:4)
  An ice beast (D:7)
  A phantom (D:6)
  3 ogres
  A necrophage (D:7)
  A centaur (D:6)
  A crocodile (Sewer)
  3 bullfrogs
  2 scorpions
  A centaur zombie (D:5)
  A crimson imp (D:5)
  2 bullfrog zombies
  A centaur skeleton (D:6)
  2 hounds
  2 orc wizards
  3 worker ants
  A hound skeleton (D:4)
  4 worker ant zombies
  4 gnolls (D:4)
  A river rat (D:3)
  7 adders
  4 adder skeletons
  4 adder zombies
  A worm (D:3)
  A dart slug (D:1)
  2 leopard geckos
  7 orcs
  3 ball pythons
  13 bats
  3 giant cockroaches
  6 goblins
  10 hobgoblins
  18 jackals
  4 quokkas
  4 frilled lizards
  A jackal skeleton (D:7)
  2 jackal zombies (D:5)
  5 kobolds
  A leopard gecko skeleton (D:7)
  2 leopard gecko zombies (D:5)
  A quokka skeleton (D:6)
  A quokka zombie (D:5)
  9 rats
147 creatures vanquished.

Notes
Turn   | Place    | Note
-------+----------+-------------------------------------------
     0 | D:1      | Kohma the Draconian Ice Elementalist began the quest for
                  | the Orb.
     0 | D:1      | Reached XP level 1. HP: 14/14 MP: 3/3
    76 | D:1      | Reached XP level 2. HP: 17/20 MP: 0/5
   740 | D:1      | Reached XP level 3. HP: 26/26 MP: 1/6
   745 | D:1      | Learned a level 3 spell: Frozen Ramparts
   949 | D:2      | Found a blossoming altar of Fedhas.
   965 | D:2      | Became a worshipper of Fedhas Madash
  1140 | D:2      | Found a shadowy altar of Dithmenos.
  1160 | D:2      | Reached skill level 5 in Ice Magic
  1217 | D:2      | Found a hazy altar of Hepliaklqana.
  1218 | D:2      | Found a shimmering altar of Xom.
  1218 | D:2      | Noticed a wyvern
  1219 | D:2      | Noticed a wyvern
  1219 | D:2      | Noticed a spectral ugly thing
  1696 | D:3      | Reached XP level 4. HP: 33/33 MP: 4/8
  1806 | D:3      | Reached * piety under Fedhas
  1814 | D:3      | Found a glowing drain.
  1847 | Sewer    | Entered a sewer
  2003 | Sewer    | Noticed a crocodile
  2014 | Sewer    | Killed a crocodile
  2014 | Sewer    | Reached XP level 5. HP: 38/38 MP: 6/10
  2132 | D:3      | Reached skill level 6 in Ice Magic
  2255 | D:3      | Learned a level 4 spell: Summon Ice Beast
  2621 | D:4      | Noticed Eustachio
  2637 | D:4      | Killed Eustachio
  2637 | D:4      | Reached skill level 1 in Fighting
  2637 | D:4      | Reached skill level 1 in Summonings
  2637 | D:4      | Reached skill level 1 in Invocations
  2637 | D:4      | Reached XP level 6. HP: 44/47 MP: 5/11
  2723 | D:4      | Found a shimmering blue altar of Sif Muna.
  2778 | D:4      | Reached ** piety under Fedhas
  2874 | D:4      | Found a staircase to the Ecumenical Temple.
  2888 | Temple   | Entered the Ecumenical Temple
  3329 | D:4      | Found an iron altar of Okawaru.
  3438 | D:5      | Entered Level 5 of the Dungeon
  3619 | D:5      | Found a burning altar of Makhleb.
  3644 | D:5      | Noticed Sigmund
  3661 | D:5      | Killed Sigmund
  3661 | D:5      | Your scales start taking on a glossy black colour.
  3661 | D:5      | Reached XP level 7. HP: 33/55 MP: 3/13
  3661 | D:5      | Gained mutation: You are resistant to electric shocks.
                  | (rElec) [Black Draconian growth]
  3835 | D:5      | Reached skill level 7 in Ice Magic
  4297 | D:6      | Reached XP level 8. HP: 61/63 MP: 11/14
  4373 | D:6      | Reached *** piety under Fedhas
  4435 | D:6      | Learned a level 4 spell: Summon Lightning Spire
  4668 | D:6      | Noticed Prince Ribbit
  4676 | D:6      | Killed Prince Ribbit
  4676 | D:6      | Reached skill level 8 in Ice Magic
  4676 | D:6      | Reached skill level 1 in Air Magic
  4759 | D:6      | Reached skill level 1 in Shields
  5335 | D:7      | Reached skill level 5 in Spellcasting
  5627 | D:7      | Reached XP level 9. HP: 61/71 MP: 11/16
  5751 | D:7      | Paralysed by a hornet for 3 turns
  5756 | D:7      | HP: 3/71 [hornet (6)]
  5756 | D:7      | Slain by a hornet

Levels and vault maps discovered:
D:1:      tarquinn_simple_flora_water_c, layout_basic, minmay_pentomino_u4
D:2:      layout_loops_ring, regret_index_temple_of_mockery,
          nicolae_dithmenos_shadow_blocks, fedhas_altar_1
D:3:      layout_basic, portal_sewer_entry_c
D:4:      layout_loops_ring, kennysheep_little_box,
          minmay_temple_entry_drinking_statues, dk_vineyard_3,
          okawaru_metal_pillars_1_2, uniq_eustachio
D:5:      layout_cave_pools, serial_undead, serial_undead_f, serial_undead_b,
          serial_undead_d, serial_undead_d, serial_undead_a, serial_undead_c,
          serial_undead_e, first_ration, bloody_makhleb, uniq_sigmund
D:6:      layout_loops_corners, uniq_prince_ribbit1
D:7:      layout_gridville, kennysheep_mini
Temple:   minmay_temple_bridge_abc

Skill      XL: |  1  2  3  4  5  6  7  8  9 |
---------------+----------------------------+-----
Ice Magic      | 5 6 7 8 |  8.0
Spellcasting   | 3 4 5 |  5.0
Fighting       | 1 2 3 4 |  4.0
Summonings     | 1 2 3 |  3.4
Invocations    | 1 2 3 4 |  4.5
Air Magic      | 3 |  3.2
Shields        | 2 3 |  3.1
Dodging        | |  1.7
Stealth        | |  1.7

Action                   |  1- 3 |  4- 6 |  7- 9 || total
-------------------------+-------+-------+-------++-------
Melee: Unarmed           |     9 |       |       ||     9
       Dagger            |    27 |    94 |   131 ||   252
       Tailslap          |     2 |    12 |    16 ||    30
       Rapier            |       |       |     5 ||     5
Throw: Dart              |       |       |     7 ||     7
 Cast: Freeze            |    28 |       |       ||    28
       Frozen Ramparts   |     7 |    17 |    27 ||    51
  Use: Scroll            |       |    10 |     4 ||    14
 Stab: Sleeping          |     3 |     4 |     2 ||     9
  Eat: Chunk             |     3 |     8 |     5 ||    16
       Ration            |       |       |     1 ||     1
Armor: Skin              |    24 |    31 |    50 ||   105
Dodge: Dodged            |    43 |    68 |   104 ||   215

Table legend:
 A = Non-vault XP
 B = Vault XP
 C = Vault XP percentage of total XP
 D = Non-vault monster count
 E = Vault monster count
 F = Vault count percentage of total count
                 A         B        C        D         E       F
            +---------+---------+-------+---------+---------+-------
      Total |    2017 |     986 |  32.8 |     119 |      28 |  19.0
            +---------+---------+-------+---------+---------+-------
        D:1 |      42 |       2 |   4.5 |      24 |       1 |   4.0
        D:2 |      38 |       0 |   0.0 |      15 |       0 |   0.0
        D:3 |      53 |      23 |  30.3 |      16 |       7 |  30.4
        D:4 |     134 |     203 |  60.2 |      13 |       1 |   7.1
        D:5 |     407 |     377 |  48.1 |      17 |      12 |  41.4
        D:6 |     646 |     268 |  29.3 |      14 |       1 |   6.7
        D:7 |     697 |       0 |   0.0 |      20 |       0 |   0.0
      Sewer |       0 |     113 | 100.0 |       0 |       6 | 100.0
            +---------+---------+-------+---------+---------+-------
